 Dungeon Crawl Stone Soup version 0.17-a0-1407-gde22cd8 (webtiles) character file.

15 Geeful the Insei (level 2, -4/18 HPs)
             Began as an Octopode Transmuter on June 22, 2015.
             Slain by a worm (12 damage)
             ... on level 1 of the Dungeon.
             The game lasted 00:00:57 (968 turns).

Geeful the Insei (Octopode Transmuter)               Turns: 968, Time: 00:00:57

Health: -4/18      AC:  1    Str:  9    XL:     2   Next: 50%
Magic:  4/5        EV: 12    Int: 15    God:
Gold:   75         SH:  0    Dex: 12    Spells: 1 memorised, 4 levels left

rFire  . . .     SeeInvis .       - Unarmed
rCold  . . .     Clarity  .     (no shield)
rNeg   . . .     SustAt   .     (helmet restricted)
rPois  .         Gourm    .     (no amulet)
rElec  .         Spirit   .     (no ring)
rCorr  .         Warding  .     (no ring)
rMut   .         Stasis   .     (no ring)
MR     .....                    (no ring)
Stlth  ++........               (no ring)
                                (no ring)
                                (no ring)
                                (no ring)

@: appendage (expiring), not resistant to hostile enchantments, unstealthy
A: almost no armour, amphibious, 8 rings, constrict 8, tentacle spike 3,
camouflage 1, gelatinous body 1
a: End Transformation


You were on level 1 of the Dungeon.
You were not hungry.
One of your tentacles had a temporary spike.
You visited 1 branch of the dungeon, and saw 1 of its levels.

You collected 75 gold pieces.

Inventory:

Missiles
 a - 12 arrows
Scrolls
 d - a scroll of recharging {unknown}
 e - 2 scrolls of enchant weapon {unknown}
Potions
 f - a potion of curing {unknown}
Books
 b - a book of Changes

   Spells                             Type                      Level
   a - Beastly Appendage              Transmutation                1
   b - Sticks to Snakes               Transmutation                2
   c - Spider Form                    Transmutation/Poison         3
   d - Ice Form                       Ice/Transmutation            4
   e - Blade Hands                    Transmutation                5
Comestibles
 c - 2 bread rations


   Skills:
 - Level 1.0 Fighting
 - Level 2.0 Dodging
 + Level 3.8 Unarmed Combat
 - Level 2.0 Spellcasting
 - Level 2.0 Transmutations


You had 4 spell levels left.
You knew the following spells:

 Your Spells              Type           Power        Failure   Level  Hunger
a - Beastly Appendage     Trmt           #.....       12%         1    #......


Dungeon Overview and Level Annotations

Branches:
Dungeon (1/15)

Altars:


Innate Abilities, Weirdness & Mutations

You cannot wear most types of armour.
You are amphibious.
You can wear up to eight rings at the same time.
You can use your tentacles to constrict eight enemies at once.
Your skin changes colour to match your surroundings (Stealth).
Your rubbery body absorbs attacks (AC +1).
One of your tentacles bears a large vicious spike.


Message History

One of your tentacles grows a vicious spike.
You tentacle-slap the worm but do no damage.
You grab the worm. You constrict the worm. The worm misses you.
You tentacle-slap the worm.
The worm is lightly wounded.
You constrict the worm. You tentacle-slap the worm.
You pierce the worm, but do no damage.
You squeeze the worm, but do no damage.
The worm is moderately wounded.
Your transformation is almost over.
You constrict the worm. The worm bites you!
Ouch! That really hurt!
You tentacle-slap the worm but do no damage.
The worm is moderately wounded.
You constrict the worm. You tentacle-slap the worm.
You pierce the worm.
The worm is severely wounded.
You constrict the worm. The worm bites you!
Ouch! That really hurt!
You die...

......### #.# #.#
......#######.#######.#
......##.....[........#..#
......##..)...#######.#..#
.....†##......###.. ..#..
####............#.# #.#..
#####......#.#.# #.#.#
########......#.#.###.#.#
...............w@....>#.#####
..............#.#.#.#.......#
#############.#.#.#.###.###.#
######### #.#.#.#.# #.# #.#
........#####.#.#...# #.# #.#
#######.##........#.# #.# #.#
..................#.# #.# #.#
#######.#####.....#.###.# #.#
#.................# #.#


You could see a worm.

Vanquished Creatures
  A ball python (D:1)
  A bat (D:1)
  A giant cockroach (D:1)
  3 hobgoblins (D:1)
  3 kobolds (D:1)
  A giant newt (D:1)
  2 goblins (D:1)
  2 rats (D:1)
14 creatures vanquished.

Notes
Turn   | Place    | Note
--------------------------------------------------------------
     0 | D:1      | Geeful the Octopode Transmuter began the quest for the Orb.
     0 | D:1      | Reached XP level 1. HP: 13/13 MP: 3/3
   484 | D:1      | Reached XP level 2. HP: 18/18 MP: 5/5
   968 | D:1      | Slain by a worm

Vault maps used:
D:1:      minmay_arrival_stair_chambers

Action                   || total
-------------------------++-------
Melee: Unarmed           ||    32
 Cast: Beastly Appendage ||     2
 Stab: Sleeping          ||     2
